 Dungeon Crawl Stone Soup version 0.19.0-2-gae57169 (webtiles) character file.

8668 Exaltedone87 the Basher (level 11, -26/106 HPs)
             Began as a Green Draconian Berserker on Nov 5, 2016.
             Was a High Priest of Trog.
             Annihilated by an orc warlord
             ... wielding a +2 battleaxe of flaming
              (29 damage)
             ... on level 2 of the Orcish Mines.
             The game lasted 00:30:30 (10246 turns).

Exaltedone87 the Basher (DrBe)                     Turns: 10246, Time: 00:30:31

Health: -26/106    AC: 15    Str: 24    XL:     11   Next: 12%
Magic:  11/11      EV: 16    Int:  7    God:    Trog [*****.]
Gold:   1344       SH: 11    Dex: 16    Spells: 0 memorised, 10 levels left

rFire  + . .     SeeInvis .     f - +2 flail (protect)
rCold  x . .     Gourm    .     (armour unavailable)
rNeg   . . .     Faith    .     g - +0 shield
rPois  +         Spirit   .     (helmet restricted)
rElec  .         Reflect  .     t - +1 cloak
rCorr  .         Harm     .     k - +2 pair of gloves
MR     .....                    j - +2 pair of boots
Stlth  +.........               (no amulet)
                                A - ring of fire
                                s - +4 ring of strength

@: exhausted, about to teleport, slowed, very slow
A: breathe noxious fumes, unfitting armour, agile 1, poison resistance, robust
1, no device heal 1, cold-blooded, AC +7
a: Breathe Noxious Fumes, Berserk, Trog's Hand, Brothers in Arms, Burn
Spellbooks, Renounce Religion


You were on level 2 of the Orcish Mines.
You worshipped Trog.
Trog was extremely pleased with you.
You were not hungry.

You visited 2 branches of the dungeon, and saw 11 of its levels.

You collected 1374 gold pieces.
You spent 30 gold pieces at shops.

Inventory:

Hand Weapons
 a - a +7 hand crossbow of freezing
 f - a +2 flail of protection (weapon)
Missiles
 G - 16 bolts
Armour
 g - a +0 shield (worn)
 j - a +2 pair of boots (worn)
 k - a +2 pair of gloves (worn)
 t - a +1 cloak (worn)
Jewellery
 d - an uncursed amulet of faith
 s - a +4 ring of strength (left hand)
 A - a ring of fire (right hand)
 D - a +2 ring of intelligence
Wands
 o - a wand of heal wounds (6/9)
 B - a wand of lightning (4/15)
 C - a wand of flame (1/48)
 E - a wand of digging (6/24)
 F - a wand of digging (9/24)
Scrolls
 c - a scroll of noise
 e - 2 scrolls of blinking
 h - 2 scrolls of recharging
 i - a scroll of fear
 p - 2 scrolls of remove curse
 q - a scroll of fog
Potions
 u - a potion of heal wounds
 w - a potion of magic
 J - 11 potions of degeneration
Comestibles
 b - 2 bread rations
 l - 2 meat rations
 r - 7 beef jerkies
 x - 4 slices of pizza


   Skills:
 + Level 9.3 Fighting
 * Level 11.3 Maces & Flails
 + Level 7.9 Dodging
 + Level 7.2 Shields


You had 10 spell levels left.
You didn't know any spells.

Dungeon Overview and Level Annotations

Branches:
Dungeon (9/15)             Temple (0/1) D:4             Orc (2/2) D:9
    Elf (0/3) Orc:2
   Lair: D:8-11

Altars:
Fedhas
Kikubaaqudgha
Nemelex Xobeh
Qazlal
Sif Muna
Uskayaw
Vehumet
Xom
Yredelemnul
Zin
The Shining One

Shops:
D:4 [   D:6 ?   D:7 *   D:8 :   D:9 *!(   Orc:2 !


Innate Abilities, Weirdness & Mutations

You can breathe blasts of noxious fumes.
Your lurid green scales are hard. (AC +7)
You cannot fit into any form of body armour.
Your system is resistant to poisons. (rPois)
You are cold-blooded and may be slowed by cold attacks.
You are agile. (Dex +2)
You are robust. (+10% HP)
Potions and wands are less effective at restoring your health.


Message History

The orc warrior no longer looks unusually strong.
The orc high priest no longer looks unusually strong.
The orc warrior no longer looks unusually strong.
Send 'em back where they came from!
Trog shields your ally from puny magic!
The orc warlord roars a battlecry!
The orcs go into a battle-frenzy!
The orc high priest invokes the aid of Beogh against you.
Beogh smites you!
* * * LOW HITPOINT WARNING * * *
Send 'em back where they came from!
Your ogre is no longer berserk.
Your ogre disappears in a puff of smoke!
The orc high priest mumbles some strange prayers.
Okay, then.
As you read the scroll of teleportation, it crumbles to dust.
You feel strangely unstable.
The orc knight roars a battlecry! x2
The orc warlord hits you with a battleaxe of flaming!!
You die...

..###.........###.........##.)...
#####........#####.......##......
###...........##....#...##.......
...................##.....#....#.
......#...........###.....#....##
......#.#..#.....#..#.#........##
.....####...#....#.###.........#
....## ##.###...#####...#....##
.....# ####.#o@# #...###..##
#..### ###o## ##.## #.## # #...#
##o## ### ### ## .#.## ### ##oo.#
###. ....# ##.###o{o## ## #.#.
....###...##oo## #.## #.#.
.....##..##3o.## #...# #..#
.........###o.o##...# ##.#
........#####o.)....#.. ###


You could see an orc warlord, 2 orc knights, an orc high priest, a smoke demon,
2 orc sorcerers, 3 orc warriors and an orc wizard.

Vanquished Creatures
  The ghost of SlowGraham the Grappler, a journeyman TrWn of Okawaru (Orc:2)
  Urug (Orc:1)
  An orc sorcerer (Orc:2)
  An oklob plant (D:8)
  Joseph (D:8)
  A troll (Orc:2)
  A two-headed ogre (D:5)
  A hippogriff (D:8)
  4 hogs (D:7)
  A human (D:7)
  A basilisk (D:7)
  A hungry ghost (D:7)
  Eustachio (D:4)
  A warg (Orc:2)
  Menkaure (D:7)
  12 orc warriors
  4 ice beasts
  A swamp drake (D:9)
  2 phantoms
  4 ogres
  A crocodile (D:7)
  7 bullfrogs
  4 scorpions
  A howler monkey (D:4)
  A bullfrog zombie (D:9)
  2 jellies
  11 orc priests
  2 hounds
  A bullfrog skeleton (D:6)
  A gnoll shaman (D:6)
  2 iguanas
  14 orc wizards
  6 worker ants
  A hound skeleton (D:6)
  A howler monkey zombie (D:8)
  2 worker ant zombies
  4 gnolls (D:6)
  4 adders
  A howler monkey skeleton (D:8)
  A hound simulacrum (D:9)
  2 white imps (D:9)
  An ufetubus (D:9)
  2 oozes
  An adder zombie (D:6)
  5 worms
  A dart slug (D:2)
  6 leopard geckos
  45 orcs
  3 ball pythons
  A bat (D:2)
  6 giant cockroaches
  7 goblins
  7 hobgoblins
  16 jackals
  8 kobolds
  4 quokkas
  6 frilled lizards
  A giant cockroach zombie (D:5)
  A leopard gecko skeleton (D:4)
  6 rats
237 creatures vanquished.

Vanquished Creatures (others)
  An orc wizard (D:7)
1 creature vanquished.

Grand Total: 238 creatures vanquished

Notes
Turn   | Place    | Note
-------+----------+-------------------------------------------
     0 | D:1      | Exaltedone87 the Draconian Berserker began the quest for the Orb.
     0 | D:1      | Reached XP level 1. HP: 19/19 MP: 1/1
    90 | D:1      | Reached XP level 2. HP: 21/26 MP: 2/2
   452 | D:1      | Reached ** piety under Trog
   486 | D:1      | Reached XP level 3. HP: 27/31 MP: 3/3
  1830 | D:2      | Reached XP level 4. HP: 24/40 MP: 4/4
  2015 | D:3      | Found an ancient bone altar of Kikubaaqudgha.
  2085 | D:3      | Found a glowing silver altar of Zin.
  2086 | D:3      | Noticed an angel
  2401 | D:3      | Reached skill level 4 in Maces & Flails
  2487 | D:3      | Found a hide-covered altar of Uskayaw.
  2569 | D:3      | Reached XP level 5. HP: 46/46 MP: 5/5
  3212 | D:4      | Found a faded altar of an unknown god.
  3212 | D:4      | Found a faded altar of an unknown god.
  3219 | D:4      | Found a basalt altar of Yredelemnul.
  3221 | D:4      | Found a faded altar of an unknown god.
  3222 | D:4      | Found a faded altar of an unknown god.
  3254 | D:4      | Noticed a phantom
  3271 | D:4      | Killed a phantom
  3271 | D:4      | Reached skill level 5 in Maces & Flails
  3271 | D:4      | Reached XP level 6. HP: 44/53 MP: 6/6
  3584 | D:4      | Found a staircase to the Ecumenical Temple.
  3597 | D:4      | Reached skill level 5 in Fighting
  3624 | D:4      | Found Sonouhat's Antique Armour Shoppe.
  3633 | D:4      | Noticed Eustachio
  3649 | D:4      | Killed Eustachio
  3649 | D:4      | Reached skill level 6 in Maces & Flails
  3649 | D:4      | Your scales start taking on a lurid green colour.
  3649 | D:4      | Reached XP level 7. HP: 50/61 MP: 7/7
  3649 | D:4      | Gained mutation: Your system is resistant to poisons. (rPois) [Green Draconian growth]
  3874 | D:4      | Found a stormy altar of Qazlal.
  3887 | D:4      | Found a shimmering altar of Xom.
  4027 | D:5      | Entered Level 5 of the Dungeon
  4088 | D:5      | Reached *** piety under Trog
  4308 | D:5      | Noticed a two-headed ogre
  4312 | D:5      | Killed a two-headed ogre
  4312 | D:5      | Reached skill level 5 in Dodging
  4453 | D:6      | Reached skill level 7 in Maces & Flails
  4453 | D:6      | Reached XP level 8. HP: 47/70 MP: 8/8
  4566 | D:6      | Found Vofabon's Magic Scroll Boutique.
  4681 | D:6      | Found a glowing golden altar of the Shining One.
  4823 | D:6      | Found a sparkling altar of Nemelex Xobeh.
  4947 | D:6      | Reached skill level 1 in Shields
  5390 | D:6      | Identified a scroll of acquirement
  5409 | D:7      | Noticed Menkaure
  5415 | D:7      | Killed Menkaure
  5415 | D:7      | Reached skill level 8 in Maces & Flails
  5596 | D:7      | Reached XP level 9. HP: 42/78 MP: 9/9
  5804 | D:7      | Found Bimu's General Store.
  5812 | D:7      | Bought a scroll of identify for 30 gold pieces
  5877 | D:7      | Reached **** piety under Trog
  5996 | D:7      | Reached skill level 5 in Shields
  6290 | D:7      | Reached skill level 9 in Maces & Flails
  6766 | D:8      | Found Zen Ren's Book Shop.
  6966 | D:8      | Noticed Joseph
  6988 | D:8      | Killed Joseph
  7130 | D:8      | Found a blossoming altar of Fedhas.
  7130 | D:8      | Noticed an oklob plant
  7143 | D:8      | Killed an oklob plant
  7143 | D:8      | Reached XP level 10. HP: 58/88 MP: 10/10
  7326 | D:8      | Gained mutation: You are robust. (+10% HP) [potion of mutation]
  7326 | D:8      | Gained mutation: You are agile. (Dex +2) [potion of mutation]
  7326 | D:8      | Gained mutation: Potions and wands are less effective at restoring your health. [potion of mutation]
  7569 | D:9      | Found Eleum's Distillery.
  7826 | D:9      | Reached skill level 10 in Maces & Flails
  7884 | D:9      | Found a radiant altar of Vehumet.
  8069 | D:9      | Found Luxi's Weapon Shoppe.
  8174 | D:9      | Found Neliqo's General Store.
  8273 | D:9      | Got a crystal spear
  8274 | D:9      | Identified the +2 spear "Xekhlumn" {flame, rElec rF- MP+9 Dex+4} (You found it on level 9 of the Dungeon)
  8346 | D:9      | Found a staircase to the Orcish Mines.
  8640 | Orc:1    | Entered Level 1 of the Orcish Mines
  8716 | Orc:1    | Reached ***** piety under Trog
  8963 | Orc:1    | Noticed Urug
  8985 | Orc:1    | Killed Urug
  9048 | Orc:2    | Entered Level 2 of the Orcish Mines
  9426 | Orc:2    | Noticed SlowGraham's ghost (journeyman TrWn)
  9428 | Orc:2    | Found Jaturani's Distillery.
  9434 | Orc:2    | Noticed an orc sorcerer
  9450 | Orc:2    | Killed an orc sorcerer
  9450 | Orc:2    | Reached skill level 11 in Maces & Flails
  9465 | Orc:2    | Killed SlowGraham's ghost
  9465 | Orc:2    | Reached XP level 11. HP: 26/106 MP: 11/11
  9894 | Orc:2    | Found a staircase to the Elven Halls.
 10045 | Orc:2    | Found a deep blue altar of Sif Muna.
 10212 | Orc:2    | Noticed an orc sorcerer
 10213 | Orc:2    | Noticed an orc knight
 10214 | Orc:2    | Noticed an orc high priest
 10214 | Orc:2    | Noticed an orc knight
 10215 | Orc:2    | Noticed an orc warlord
 10217 | Orc:2    | Noticed an orc high priest
 10239 | Orc:2    | Noticed an orc sorcerer
 10244 | Orc:2    | HP: 2/106 [orc high priest/divine providence (11)]
 10246 | Orc:2    | Annihilated by an orc warlord

Skill      XL: |  1  2  3  4  5  6  7  8  9 10 |
---------------+-------------------------------+-----
Dodging        | 3 4 5 6 7 |  7.9
Fighting       | 4 5 6 8 9 |  9.3
Maces & Flails | 4 5 6 7 8 9 11 | 11.3
Shields        | 3 5 7 |  7.2

Action                   |  1- 3 |  4- 6 |  7- 9 | 10-12 || total
-------------------------+-------+-------+-------+-------++-------
Melee: Mace              |   131 |    10 |       |       ||   141
       Tailslap          |    13 |    10 |    55 |    73 ||   151
       Flail             |       |   102 |   268 |   378 ||   748
Throw: Tomahawk          |       |     7 |     6 |     6 ||    19
       Throwing net      |       |       |       |     1 ||     1
Invok: Berserk           |     1 |     2 |     3 |     4 ||    10
       Trog's Hand       |       |     2 |     4 |     5 ||    11
       Burn Spellbooks   |       |       |     2 |       ||     2
       Brothers in Arms  |       |       |       |     1 ||     1
 Abil: Breathe Noxious F |       |       |       |     1 ||     1
  Use: Scroll            |     1 |     7 |    14 |     5 ||    27
       Potion            |     1 |     4 |     3 |     5 ||    13
 Stab: Sleeping          |       |       |     2 |     1 ||     3
  Eat: Bread ration      |     1 |     2 |     3 |     1 ||     7
       Meat ration       |       |       |     1 |     1 ||     2
       Pizza             |       |       |     1 |     3 ||     4
Armor: Skin              |    48 |    69 |   107 |   125 ||   349
Dodge: Dodged            |   113 |   107 |   113 |   224 ||   557
Block: Shield            |       |    43 |   123 |   215 ||   381
